[Event "GambitGuide"]
[Site "Internet Chess Club"]
[Date "2014.10.31"]
[Round "1"]
[White "JSBach"]
[Black "Spirals"]
[Result "1/2-1/2"]
[ICCResult "Game drawn by repetition"]
[WhiteElo "1770"]
[BlackElo "2176"]
[Opening "Vienna: `Frankenstein-Dracula' variation"]
[ECO "C27"]
[NIC "VG.02"]
[Time "19:13:11"]
[TimeControl "120+12"]

1. e4 e5 2. Nc3 Nf6 3. Bc4 Nxe4 4. Qh5 Nd6 5. Bb3 Nc6 6. Nb5 g6 7. Qf3 f5 8.
Qd5 Qe7 9. Nxc7+ Kd8 10. Nxa8 b6 11. d3 Bb7 12. Nxb6 axb6 13. Qf3 Nd4 14.
Qg3 Bd5 15. Bg5 Bxb3 16. Bxe7+ Bxe7 17. Qxe5 Nxc2+ 18. Kf1 Re8 19. Rc1 Bg5
20. Qxd6 Bxc1 21. Qxb6+ Kc8 22. Qa6+ Kd8 23. Qf6+ Kc8 24. Qa6+ Kd8 25. Qf6+
Kc8 26. Qa6+ {Game drawn by repetition} 1/2-1/2

[Event "GambitGuide"]
[Site "Internet Chess Club"]
[Date "2014.10.31"]
[Round "1"]
[White "JSBach"]
[Black "ThePenguin"]
[Result "0-1"]
[ICCResult "White checkmated"]
[WhiteElo "1770"]
[BlackElo "1270"]
[Opening "Vienna: `Frankenstein-Dracula' variation"]
[ECO "C27"]
[NIC "VG.02"]
[Time "19:12:39"]
[TimeControl "120+12"]

1. e4 e5 2. Nc3 Nf6 3. Bc4 Nxe4 4. Qh5 Nd6 5. Bb3 Nc6 6. Nb5 g6 7. Qf3 f5 8.
Qd5 Qe7 9. Nxc7+ Kd8 10. Nxa8 b6 11. d3 Bb7 12. Nxb6 Nd4 13. Bg5 Qxg5 14.
Qxe5 Qe7 15. Nxd7 Bxg2 16. Be6 Qxe6 17. Qxe6 Nxe6 18. c4 Kxd7 19. c5 Nb5 20.
c6+ Kc7 21. a4 Nbd4 22. Ne2 Bxh1 23. Rc1 Bf3 24. Nxd4 Nxd4 25. Rc4 Bg7 26.
Kd2 Re8 27. Kc3 Ne2+ 28. Kd2 Bh6+ 29. Kc2 Nf4 30. Kb3 Rb8+ 31. Kc2 Rb6 32.
b3 Rxc6 33. Rxc6+ Kxc6 34. b4 Ne2 35. h3 Bf4 36. Kb2 Nc1 37. b5+ Kc5 38. Kc3
g5 39. Kc2 g4 40. hxg4 fxg4 41. b6 axb6 42. a5 bxa5 43. Kc3 h5 44. d4+ Kd6
45. d5 Kd7 46. Kd4 h4 47. Kc5 h3 48. Kc4 h2 49. Kb5 h1=Q 50. Kc4 Qd1 51. Kb5
Qb3+ 52. Kxa5 Bd2+ 53. Ka6 Be2+ 54. Ka7 Kc8 55. d6 Qb7# {White checkmated}
0-1

[Event "GambitGuide"]
[Site "Internet Chess Club"]
[Date "2014.10.31"]
[Round "1"]
[White "JSBach"]
[Black "sibirica"]
[Result "1-0"]
[ICCResult "Black checkmated"]
[WhiteElo "1770"]
[BlackElo "2349"]
[Opening "Vienna: `Frankenstein-Dracula' variation"]
[ECO "C27"]
[NIC "VG.02"]
[Time "19:12:41"]
[TimeControl "120+12"]

1. e4 e5 2. Nc3 Nf6 3. Bc4 Nxe4 4. Qh5 Nd6 5. Bb3 Nc6 6. Nb5 g6 7. Qf3 f5 8.
Qd5 Qe7 9. Nxc7+ Kd8 10. Nxa8 b6 11. d3 Bb7 12. Nxb6 axb6 13. Qf3 Nd4 14.
Qh3 Bg7 15. Be3 Qf6 16. Ne2 Re8 17. c3 Nxb3 18. Bxb6+ Ke7 19. axb3 Kf7 20.
Ra7 Bc6 21. Be3 g5 22. Qh5+ Qg6 23. Qxg6+ Kxg6 24. Rg1 f4 25. Bc5 Nf5 26. b4
Nh4 27. f3 g4 28. Kd2 Kh6 29. b5 Bxb5 30. fxg4 Bc6 31. Rc7 Bxg2 32. Kd1 Bc6
33. b4 f3 34. Nc1 Bf8 35. Bf2 Ng2 36. Kd2 Be7 37. Kc2 Bg5 38. Kb3 Ra8 39. h3
Ra1 40. Kb2 Ra8 41. c4 Be3 42. Rf1 Bxf2 43. Rxf2 Ne3 44. Kb1 Kg5 45. b5 Rb8
46. Ka1 Bxb5 47. cxb5 Kf4 48. Ne2+ Kg5 49. Rxf3 Nd5 50. Rc5 Nb4 51. Rxe5+
Kh4 52. Rh5# {Black checkmated} 1-0

[Event "GambitGuide"]
[Site "Internet Chess Club"]
[Date "2014.10.31"]
[Round "1"]
[White "JSBach"]
[Black "GivePeasAChance"]
[Result "0-1"]
[ICCResult "White checkmated"]
[WhiteElo "1770"]
[BlackElo "1635"]
[Opening "Vienna: `Frankenstein-Dracula' variation"]
[ECO "C27"]
[NIC "VG.02"]
[Time "19:11:50"]
[TimeControl "120+12"]

1. e4 e5 2. Nc3 Nf6 3. Bc4 Nxe4 4. Qh5 Nd6 5. Bb3 Nc6 6. Nb5 g6 7. Qf3 f5 8.
Qd5 Qe7 9. Nxc7+ Kd8 10. Nxa8 b6 11. d3 Nd4 12. h4 Bb7 13. Bg5 Bxd5 14.
Bxe7+ Bxe7 15. Nxb6 Bxb3 16. Rc1 Bxc2 17. Nc4 Nxc4 18. Rxc2 Nxc2+ 19. Kd1
Nxb2+ 20. Kxc2 Na4 21. Nf3 e4 22. Ne5 exd3+ 23. Kd2 Nc5 24. Nf7+ Kc7 25.
Nxh8 Ne4+ 26. Ke1 Bb4+ 27. Kf1 d2 28. Ke2 Bc5 29. Rh2 Bxf2 30. Kd1 Be1 31.
Kc2 Nf2 32. Kb2 d1=Q 33. a4 Qxa4 34. g3 Qd4+ 35. Ka2 Qxh8 36. Rg2 Qg8+ 37.
Ka3 Qf8+ 38. Ka2 Qf7+ 39. Ka3 Qe7+ 40. Kb2 Qe5+ 41. Ka3 Qd6+ 42. Kb2 Qb6+
43. Ka2 Qa5+ 44. Kb1 Qb5+ 45. Ka2 Qc4+ 46. Kb2 Nd3+ 47. Ka1 Bc3+ 48. Rb2
Bxb2+ 49. Kb1 Qc1+ 50. Ka2 Qc3 51. Kb1 Ba3 52. Ka2 Qb2# {White checkmated}
0-1

[Event "GambitGuide"]
[Site "Internet Chess Club"]
[Date "2014.10.31"]
[Round "1"]
[White "JSBach"]
[Black "sauvignon"]
[Result "0-1"]
[ICCResult "White checkmated"]
[WhiteElo "1770"]
[BlackElo "1553"]
[Opening "Vienna: `Frankenstein-Dracula' variation"]
[ECO "C27"]
[NIC "VG.02"]
[Time "19:12:07"]
[TimeControl "120+12"]

1. e4 e5 2. Nc3 Nf6 3. Bc4 Nxe4 4. Qh5 Nd6 5. Bb3 Nc6 6. Nb5 g6 7. Qf3 f5 8.
Qd5 Qe7 9. Nxc7+ Kd8 10. Nxa8 b6 11. d3 Bb7 12. Nxb6 axb6 13. Qf3 Nd4 14.
Qg3 Bg7 15. Bg5 Bf6 16. Bxf6 Qxf6 17. Ba4 b5 18. Bb3 Bd5 19. Ne2 Bxb3 20.
Nxd4 exd4 21. axb3 Re8+ 22. Kf1 Ke7 23. Qh3 h5 24. g3 Rc8 25. Re1+ Kf7 26.
Re2 Kg7 27. Kg2 Nf7 28. Rhe1 Rc6 29. Kf1 Re6 30. b4 Ne5 31. Qg2 Ng4 32. Rxe6
dxe6 33. h3 Nh6 34. Qb7+ Nf7 35. Qxb5 f4 36. gxf4 Qxf4 37. c4 Qf3 38. c5 Ng5
39. Qd7+ Kh6 40. Qb5 Nxh3 41. Re2 Qh1# {White checkmated} 0-1

[Event "GambitGuide"]
[Site "Internet Chess Club"]
[Date "2014.10.31"]
[Round "1"]
[White "JSBach"]
[Black "sibirica"]
[Result "0-1"]
[ICCResult "White checkmated"]
[WhiteElo "1770"]
[BlackElo "2349"]
[Opening "Vienna: `Frankenstein-Dracula' variation"]
[ECO "C27"]
[NIC "VG.02"]
[Time "19:15:01"]
[TimeControl "120+12"]

1. e4 e5 2. Nc3 Nf6 3. Bc4 Nxe4 4. Qh5 Nd6 5. Bb3 Nc6 6. Nb5 g6 7. Qf3 f5 8.
Qd5 Qe7 9. Nxc7+ Kd8 10. Nxa8 b6 11. d3 Bb7 12. Nxb6 axb6 13. Qf3 Nd4 14.
Qg3 f4 15. Qg4 Qf6 16. Ba4 b5 17. Bb3 h5 18. Qh3 g5 19. Bd2 g4 20. Ba5+ Ke7
21. c3 Nxb3 22. axb3 gxh3 23. Ne2 hxg2 24. Rg1 f3 25. Ng3 h4 26. Ne4 Nxe4
27. dxe4 Bxe4 28. c4 Kf7 29. cxb5 Bc5 30. Rc1 Qd6 31. Rc4 Qd3 32. Rxe4 Qxe4+
33. Kd2 Qe2+ 34. Kc1 Rc8 35. Bc3 Bxf2 36. Kb1 Bxg1 37. Ba5 Qd1+ 38. Ka2 Ra8
39. b4 Qc2 40. b6 f2 41. Ka3 f1=Q 42. b5 Qa1+ 43. Kb4 Qaa4# {White
checkmated} 0-1

[Event "GambitGuide"]
[Site "Internet Chess Club"]
[Date "2014.10.31"]
[Round "1"]
[White "JSBach"]
[Black "Spirals"]
[Result "1-0"]
[ICCResult "Black resigns"]
[WhiteElo "1770"]
[BlackElo "2176"]
[Opening "Vienna: `Frankenstein-Dracula' variation"]
[ECO "C27"]
[NIC "VG.02"]
[Time "19:14:06"]
[TimeControl "120+12"]

1. e4 e5 2. Nc3 Nf6 3. Bc4 Nxe4 4. Qh5 Nd6 5. Bb3 Nc6 6. Nb5 g6 7. Qf3 f5 8.
Qd5 Qe7 9. Nxc7+ Kd8 10. Nxa8 b6 11. d3 Bb7 12. Nxb6 axb6 13. Qf3 Nd4 14.
Qg3 Bg7 15. Bg5 Bf6 16. Bxf6 Qxf6 17. Ba4 Bc6 18. Bb3 Bd5 19. c4 Bc6 20. Bd1
Re8 21. Ne2 Nxe2 22. Bxe2 e4 23. O-O-O exd3 24. Bxd3 Ne4 25. Qf4 Qe5 26.
Qxe5 Rxe5 27. Rhe1 Re7 28. f3 Nc5 29. Rxe7 Kxe7 30. Re1+ Kf6 31. Bc2 Ne6 32.
Bd3 h5 33. h4 Nf4 34. Bf1 Ne6 35. Kd2 g5 36. hxg5+ Kxg5 37. Kd3 h4 38. b3
Kf4 39. Kc3 Kg3 40. Rd1 Nf4 41. Rd2 h3 42. gxh3 Nxh3 43. Bxh3 Kxh3 44. Rd6
Kg3 45. c5 bxc5 46. Rxc6 dxc6 47. a4 Kxf3 48. a5 Ke3 49. a6 f4 50. a7 f3 51.
a8=Q f2 52. Qe8+ Kf3 53. Qxc6+ Ke2 54. Qxc5 f1=Q 55. Qb5+ Ke1 56. Qxf1+ Kxf1
57. b4 Ke2 58. Kc4 Ke3 59. b5 Ke4 60. b6 Ke5 61. b7 Kd6 62. b8=Q+
{Black resigns}
1-0

[Event "GambitGuide"]
[Site "Internet Chess Club"]
[Date "2014.10.31"]
[Round "1"]
[White "JSBach"]
[Black "youknowurlost"]
[Result "1-0"]
[ICCResult "Black resigns"]
[WhiteElo "1770"]
[BlackElo "1739"]
[Opening "Vienna: `Frankenstein-Dracula' variation"]
[ECO "C27"]
[NIC "VG.02"]
[Time "19:14:50"]
[TimeControl "120+12"]

1. e4 e5 2. Nc3 Nf6 3. Bc4 Nxe4 4. Qh5 Nd6 5. Bb3 Nc6 6. Nb5 g6 7. Qf3 f5 8.
Qd5 Qe7 9. Nxc7+ Kd8 10. Nxa8 b6 11. d3 Bb7 12. Nxb6 axb6 13. Qf3 Na5 14.
Qh3 Qg5 15. Bxg5+ {Black resigns} 1-0

[Event "GambitGuide"]
[Site "Internet Chess Club"]
[Date "2014.10.31"]
[Round "1"]
[White "JSBach"]
[Black "sibirica"]
[Result "1-0"]
[ICCResult "Black checkmated"]
[WhiteElo "1770"]
[BlackElo "2349"]
[Opening "Vienna: `Frankenstein-Dracula' variation"]
[ECO "C27"]
[NIC "VG.02"]
[Time "19:15:32"]
[TimeControl "120+12"]

1. e4 e5 2. Nc3 Nf6 3. Bc4 Nxe4 4. Qh5 Nd6 5. Bb3 Nc6 6. Nb5 g6 7. Qf3 f5 8.
Qd5 Qe7 9. Nxc7+ Kd8 10. Nxa8 b6 11. d3 Bb7 12. Nxb6 axb6 13. Qf3 Nd4 14.
Qh3 Bg7 15. Be3 Re8 16. Kf1 b5 17. Qxh7 Qf6 18. Bh6 Bxh6 19. Qxh6 Rh8 20.
Qe3 f4 21. Qd2 N6f5 22. Qa5+ Ke7 23. Qc7 Bc6 24. Re1 Ne3+ 25. fxe3 fxe3+ 26.
Nf3 Bxf3 27. Rxe3 Bc6+ 28. Ke1 Rh5 29. Rf1 Qh4+ 30. g3 Qg5 31. Rf7+ Ke8 32.
Qb8+ Qd8 33. Rf8+ Kxf8 34. Qxd8+ Kg7 35. Qg8+ Kh6 36. Qh8+ Kg5 37. Qxe5+ Kh6
38. Qh8+ Kg5 39. h4+ Kg4 40. Qxd4+ Kh3 41. g4+ Kh2 42. Qf4+ Kg1 43. Qf2+ Kh1
44. Rh3# {Black checkmated} 1-0

[Event "GambitGuide"]
[Site "Internet Chess Club"]
[Date "2014.10.31"]
[Round "1"]
[White "JSBach"]
[Black "LateOne"]
[Result "1-0"]
[ICCResult "Black resigns"]
[WhiteElo "1770"]
[BlackElo "1188"]
[Opening "Vienna: `Frankenstein-Dracula' variation"]
[ECO "C27"]
[NIC "VG.02"]
[Time "19:15:36"]
[TimeControl "120+12"]

1. e4 e5 2. Nc3 Nf6 3. Bc4 Nxe4 4. Qh5 Nd6 5. Bb3 Nc6 6. Nb5 g6 7. Qf3 f5 8.
Qd5 Qe7 9. Nxc7+ Kd8 10. Nxa8 b6 11. d3 Bb7 12. Nxb6 axb6 13. Qf3 Kc8 14.
Be3 e4 15. Qe2 exd3 16. cxd3 Nb4 17. Rc1+ Kb8 18. f3 Bg7 19. Kf2 Bxb2 20.
Rb1 Bf6 21. a3 Nc6 22. Bxb6 Re8 23. Qxe7 Rxe7 24. Ne2 Nd4 25. Nxd4
{Black resigns}
1-0

[Event "GambitGuide"]
[Site "Internet Chess Club"]
[Date "2014.10.31"]
[Round "1"]
[White "JSBach"]
[Black "sibirica"]
[Result "0-1"]
[ICCResult "White checkmated"]
[WhiteElo "1770"]
[BlackElo "2349"]
[Opening "Vienna: `Frankenstein-Dracula' variation"]
[ECO "C27"]
[NIC "VG.02"]
[Time "19:16:56"]
[TimeControl "120+12"]

1. e4 e5 2. Nc3 Nf6 3. Bc4 Nxe4 4. Qh5 Nd6 5. Bb3 Nc6 6. Nb5 g6 7. Qf3 f5 8.
Qd5 Qe7 9. Nxc7+ Kd8 10. Nxa8 b6 11. d3 Bb7 12. Nxb6 axb6 13. Qf3 Nd4 14.
Qg3 f4 15. Qg4 Qf6 16. Ba4 b5 17. Bb3 h5 18. Qh3 g5 19. Bd2 g4 20. Ba5+ Ke7
21. c3 Nxb3 22. axb3 gxh3 23. Ne2 hxg2 24. Rg1 f3 25. Ng3 h4 26. Ne4 Nxe4
27. dxe4 Bxe4 28. c4 Kf7 29. cxb5 Bc5 30. Rc1 Qd6 31. Rc4 Qd3 32. Rxe4 Qxe4+
33. Kd2 Qe2+ 34. Kc1 Rc8 35. Kb1 Bd4 36. Bc3 Rxc3 37. bxc3 Bxc3 38. Kc1 Qb2+
39. Kd1 Qd2# {White checkmated} 0-1

[Event "GambitGuide"]
[Site "Internet Chess Club"]
[Date "2014.10.31"]
[Round "1"]
[White "JSBach"]
[Black "graccus"]
[Result "1/2-1/2"]
[ICCResult "Game drawn by repetition"]
[WhiteElo "1770"]
[BlackElo "1350"]
[Opening "Vienna: `Frankenstein-Dracula' variation"]
[ECO "C27"]
[NIC "VG.02"]
[Time "19:12:18"]
[TimeControl "120+12"]

1. e4 e5 2. Nc3 Nf6 3. Bc4 Nxe4 4. Qh5 Nd6 5. Bb3 Nc6 6. Nb5 g6 7. Qf3 f5 8.
Qd5 Qe7 9. Nxc7+ Kd8 10. Nxa8 b6 11. d3 Bb7 12. Nxb6 axb6 13. Qf3 Nd4 14.
Qg3 f4 15. Qg4 Qf6 16. Ba4 Bc6 17. Bb3 h5 18. Qh3 g5 19. f3 g4 20. fxg4 hxg4
21. Qxg4 Rh6 22. Nf3 Rg6 23. Qh3 Nxf3+ 24. gxf3 Nf5 25. Rf1 Nd4 26. Bd2 Rh6
27. Qg2 Rg6 28. Qh3 Rh6 29. Qg2 Rg6 30. Qh3 Rh6 31. Qg2 Rg6 32. Qh3 Rh6 33.
Qg4 Rg6 34. Qh3 Rh6 35. Qg2 Rg6 36. Qh3 Rh6 37. Qg4 Rg6 38. Qh3 Rh6 39. Qg4
Rg6 40. Qh5 Rh6 41. Qg4 Rg6 42. Qh3 Rh6 43. Qg4 Rg6 44. Qh3 Rh6 45. Qg4 Rg6
46. Qh3 Rh6 47. Qg2 Rg6 48. Qh3 Rh6 49. Qg2 Rg6 50. Qh3 Rh6 51. Qg2
{Game drawn by repetition}
1/2-1/2

[Event "GambitGuide"]
[Site "Internet Chess Club"]
[Date "2014.10.31"]
[Round "1"]
[White "JSBach"]
[Black "Lolcatz"]
[Result "1-0"]
[ICCResult "Black resigns"]
[WhiteElo "1770"]
[BlackElo "2347"]
[Opening "Vienna: `Frankenstein-Dracula' variation"]
[ECO "C27"]
[NIC "VG.02"]
[Time "19:16:47"]
[TimeControl "120+12"]

1. e4 e5 2. Nc3 Nf6 3. Bc4 Nxe4 4. Qh5 Nd6 5. Bb3 Nc6 6. Nb5 g6 7. Qf3 f5 8.
Qd5 Qe7 9. Nxc7+ Kd8 10. Nxa8 b6 11. d3 Bb7 12. Nxb6 axb6 13. Qf3 e4 14.
dxe4 Nd4 15. Qg3 Qxe4+ 16. Be3 h5 17. Qxg6 {Black resigns} 1-0

[Event "GambitGuide"]
[Site "Internet Chess Club"]
[Date "2014.10.31"]
[Round "1"]
[White "JSBach"]
[Black "sibirica"]
[Result "0-1"]
[ICCResult "White checkmated"]
[WhiteElo "1750"]
[BlackElo "2349"]
[Opening "Vienna: `Frankenstein-Dracula' variation"]
[ECO "C27"]
[NIC "VG.02"]
[Time "19:17:19"]
[TimeControl "120+12"]

1. e4 e5 2. Nc3 Nf6 3. Bc4 Nxe4 4. Qh5 Nd6 5. Bb3 Nc6 6. Nb5 g6 7. Qf3 f5 8.
Qd5 Qe7 9. Nxc7+ Kd8 10. Nxa8 b6 11. d3 Bb7 12. Nxb6 axb6 13. Qf3 Nd4 14.
Qg3 f4 15. Qg4 Qf6 16. Ba4 b5 17. Bb3 h5 18. Qh3 g5 19. Bd2 g4 20. Ba5+ Ke7
21. c3 Nxb3 22. axb3 gxh3 23. Ne2 hxg2 24. Rg1 f3 25. Ng3 h4 26. Ne4 Nxe4
27. dxe4 Bxe4 28. c4 Kf7 29. cxb5 Bc5 30. Rc1 Qd6 31. Rc4 Qd3 32. Rxe4 Qxe4+
33. Kd2 Qe2+ 34. Kc3 Rc8 35. Bc7 Rxc7 36. b6 Bxb6+ 37. Kb4 Qc2 38. Rc1 Qxc1
39. Ka3 Rc5 40. b4 Qc2 41. bxc5 Bxc5+ 42. b4 g1=Q 43. bxc5 Qgb1 44. c6 Qbb3#
{White checkmated}
0-1

[Event "GambitGuide"]
[Site "Internet Chess Club"]
[Date "2014.10.31"]
[Round "1"]
[White "JSBach"]
[Black "Lolcatz"]
[Result "1-0"]
[ICCResult "Black resigns"]
[WhiteElo "1750"]
[BlackElo "2347"]
[Opening "Vienna: `Frankenstein-Dracula' variation"]
[ECO "C27"]
[NIC "VG.02"]
[Time "19:17:39"]
[TimeControl "120+12"]

1. e4 e5 2. Nc3 Nf6 3. Bc4 Nxe4 4. Qh5 Nd6 5. Bb3 Nc6 6. Nb5 g6 7. Qf3 f5 8.
Qd5 Qe7 9. Nxc7+ Kd8 10. Nxa8 b6 11. d3 e4 12. dxe4 Nxe4 13. Be3 f4 14. Nxb6
fxe3 15. O-O-O axb6 16. Qxc6 {Black resigns} 1-0

[Event "GambitGuide"]
[Site "Internet Chess Club"]
[Date "2014.10.31"]
[Round "1"]
[White "JSBach"]
[Black "FreeIreland"]
[Result "0-1"]
[ICCResult "White checkmated"]
[WhiteElo "1750"]
[BlackElo "1250"]
[Opening "Vienna: `Frankenstein-Dracula' variation"]
[ECO "C27"]
[NIC "VG.02"]
[Time "19:12:55"]
[TimeControl "120+12"]

1. e4 e5 2. Nc3 Nf6 3. Bc4 Nxe4 4. Qh5 Nd6 5. Bb3 Nc6 6. Nb5 g6 7. Qf3 f5 8.
Qd5 Qe7 9. Nxc7+ Kd8 10. Nxa8 b6 11. d3 Nb4 12. Bg5 Nxd5 13. Bxe7+ Nxe7 14.
d4 Bb7 15. dxe5 Nb5 16. Nxb6 Bxg2 17. Rd1 axb6 18. Bc4 Nc7 19. e6 d5 20.
Bxd5 Nexd5 21. c4 Bxh1 22. cxd5 Nxd5 23. f3 Bb4+ 24. Ke2 Ke7 25. Rxd5 Kxe6
26. Rd3 Re8 27. Rd4 Kf6+ 28. Kf1 Bc5 29. Rd3 Re3 30. Rd7 Bxf3 31. Rxh7 Re7
32. Rxe7 Kxe7 33. Nxf3 Kf6 34. Ke2 g5 35. a3 g4 36. Nd2 Ke5 37. Nc4+ Kd4 38.
Ne3 Ke4 39. Nc4 f4 40. Nd2+ Ke5 41. Nc4+ Kd4 42. Nd2 f3+ 43. Nxf3+ gxf3+ 44.
Kxf3 Kc4 45. b4 Bf8 46. h4 Kb3 47. h5 Kxa3 48. Ke2 Kxb4 49. Kd3 Kb3 50. Ke4
b5 51. Kd3 b4 52. Ke4 Kb2 53. Kd3 b3 54. Kd2 Ka1 55. Ke2 b2 56. Kf3 b1=Q 57.
Kg4 Qh7 58. Kg5 Bh6+ 59. Kg4 Qe4+ 60. Kg3 Bf4+ 61. Kg4 Be3+ 62. Kg3 Qf4+ 63.
Kh3 Bf2 64. Kg2 Qg3+ 65. Kf1 Be3 66. Ke2 Bc1 67. Kd1 Qe3 68. Kc2 Qd2+ 69.
Kb3 Qd5+ 70. Kc3 Ka2 71. h6 Bd2+ 72. Kc2 Qd4 73. Kd1 Bf4+ 74. Ke1 Bg3+ 75.
Ke2 Qe4+ 76. Kd2 Qd4+ 77. Ke2 Bf4 78. Kf3 Qe3+ 79. Kg4 Qe5 80. h7 Qg5+ 81.
Kf3 Qh6 82. h8=Q Qxh8 83. Kxf4 Qf6+ 84. Ke4 Kb3 85. Kd5 Kb4 86. Ke4 Qe6+ 87.
Kd4 Qd6+ 88. Ke3 Qe5+ 89. Kf3 Kc4 90. Kf2 Kd3 91. Kf3 Qf5+ 92. Kg3 Ke3 93.
Kg2 Qg4+ 94. Kh2 Kf2 95. Kh1 Qg2# {White checkmated} 0-1

[Event "GambitGuide"]
[Site "Internet Chess Club"]
[Date "2014.10.31"]
[Round "1"]
[White "JSBach"]
[Black "JeffH"]
[Result "1-0"]
[ICCResult "Black resigns"]
[WhiteElo "1750"]
[BlackElo "1183"]
[Opening "Vienna: `Frankenstein-Dracula' variation"]
[ECO "C27"]
[NIC "VG.02"]
[Time "19:17:21"]
[TimeControl "120+12"]

1. e4 e5 2. Nc3 Nf6 3. Bc4 Nxe4 4. Qh5 Nd6 5. Bb3 Nc6 6. Nb5 g6 7. Qf3 f5 8.
Qd5 Qe7 9. Nxc7+ Kd8 10. Nxa8 b6 11. d3 Bb7 12. Nxb6 axb6 13. Qf3 Nd4 14.
Qg3 Nxb3 15. axb3 Bg7 16. Be3 e4 17. dxe4 Bxb2 18. Bg5 Bc3+ 19. Qxc3
{Black resigns}
1-0

[Event "GambitGuide"]
[Site "Internet Chess Club"]
[Date "2014.10.31"]
[Round "1"]
[White "JSBach"]
[Black "axes89"]
[Result "0-1"]
[ICCResult "White checkmated"]
[WhiteElo "1750"]
[BlackElo "2186"]
[Opening "Vienna: `Frankenstein-Dracula' variation"]
[ECO "C27"]
[NIC "VG.02"]
[Time "19:14:09"]
[TimeControl "120+12"]

1. e4 e5 2. Nc3 Nf6 3. Bc4 Nxe4 4. Qh5 Nd6 5. Bb3 Nc6 6. Nb5 g6 7. Qf3 f5 8.
Qd5 Qe7 9. Nxc7+ Kd8 10. Nxa8 b6 11. d3 Bb7 12. Nxb6 axb6 13. Qf3 Nd4 14.
Qg3 f4 15. Qg4 N6f5 16. c3 Nxb3 17. axb3 Qe6 18. Ra7 h5 19. Qh3 Kc8 20. b4
Bh6 21. Bd2 e4 22. d4 Qb3 23. Bc1 Qc2 24. Ne2 f3 25. gxf3 exf3 26. O-O fxe2
27. Re1 Qd1 28. Bd2 Bxd2 29. Ra1 Bxe1 30. Rxd1 exd1=Q 31. d5 Bxd5 32. f3
Bg3+ 33. Qf1 Bxh2+ 34. Kg2 Nh4+ 35. Kxh2 Qxf1 36. Kg3 Qxf3+ 37. Kxh4 Qg4#
{White checkmated}
0-1

[Event "GambitGuide"]
[Site "Internet Chess Club"]
[Date "2014.10.31"]
[Round "1"]
[White "JSBach"]
[Black "sibirica"]
[Result "0-1"]
[ICCResult "White checkmated"]
[WhiteElo "1750"]
[BlackElo "2349"]
[Opening "Vienna: `Frankenstein-Dracula' variation"]
[ECO "C27"]
[NIC "VG.02"]
[Time "19:17:51"]
[TimeControl "120+12"]

1. e4 e5 2. Nc3 Nf6 3. Bc4 Nxe4 4. Qh5 Nd6 5. Bb3 Nc6 6. Nb5 g6 7. Qf3 f5 8.
Qd5 Qe7 9. Nxc7+ Kd8 10. Nxa8 b6 11. d3 Bb7 12. Nxb6 axb6 13. Qf3 Nd4 14.
Qg3 f4 15. Qg4 Qf6 16. Ba4 b5 17. Bb3 h5 18. Qh3 g5 19. Bd2 g4 20. Ba5+ Ke7
21. c3 Nxb3 22. axb3 gxh3 23. Ne2 hxg2 24. Rg1 f3 25. Ng3 h4 26. Ne4 Nxe4
27. dxe4 Bxe4 28. c4 Kf7 29. cxb5 Bc5 30. Rc1 Qd6 31. Rc4 Qd3 32. Rxe4 Qxe4+
33. Kd2 Qe2+ 34. Kc1 Rc8 35. Bc3 Bd4 36. b6 Rxc3+ 37. bxc3 Bxc3 38. b4 Qd2+
39. Kb1 Qb2# {White checkmated} 0-1

[Event "GambitGuide"]
[Site "Internet Chess Club"]
[Date "2014.10.31"]
[Round "1"]
[White "JSBach"]
[Black "franco"]
[Result "1-0"]
[ICCResult "Black checkmated"]
[WhiteElo "1750"]
[BlackElo "1417"]
[Opening "Vienna: `Frankenstein-Dracula' variation"]
[ECO "C27"]
[NIC "VG.02"]
[Time "19:12:31"]
[TimeControl "120+12"]

1. e4 e5 2. Nc3 Nf6 3. Bc4 Nxe4 4. Qh5 Nd6 5. Bb3 Nc6 6. Nb5 g6 7. Qf3 f5 8.
Qd5 Qe7 9. Nxc7+ Kd8 10. Nxa8 b6 11. d3 Bb7 12. Nxb6 axb6 13. Qf3 Kc7 14.
Bd2 Nd4 15. Qg3 f4 16. Qg4 N6f5 17. Rc1 Qf6 18. Bc4 h5 19. Qh3 Bh6 20. c3
Ne6 21. d4 Ng5 22. Qd3 e4 23. Bxf4+ d6 24. Qd2 Nf7 25. Bxh6 N7xh6 26. d5 Ng4
27. Qf4 Ne5 28. Qxe4 Re8 29. Ne2 Qg5 30. O-O Re7 31. Rce1 Nh4 32. Ng3 Nef3+
33. gxf3 Rxe4 34. Rxe4 Nxf3+ 35. Kg2 Ne5 36. f4 Qg4 37. fxe5 Qg5 38. Rf7+
Kb8 39. h4 Qd2+ 40. Rf2 Qd1 41. Rd4 Qc1 42. exd6 Bc8 43. Bd3 Bg4 44. Bxg6
Qe3 45. Rf8+ Kb7 46. Rf7+ Ka6 47. d7 Bxd7 48. Rxd7 Qe1 49. Ra4+ Kb5 50. Bd3+
Kc5 51. b4# {Black checkmated} 1-0

[Event "GambitGuide"]
[Site "Internet Chess Club"]
[Date "2014.10.31"]
[Round "1"]
[White "JSBach"]
[Black "JeffH"]
[Result "1-0"]
[ICCResult "Black resigns"]
[WhiteElo "1750"]
[BlackElo "1183"]
[Opening "Vienna: `Frankenstein-Dracula' variation"]
[ECO "C27"]
[NIC "VG.02"]
[Time "19:18:15"]
[TimeControl "120+12"]

1. e4 e5 2. Nc3 Nf6 3. Bc4 Nxe4 4. Qh5 Nd6 5. Bb3 Nc6 6. Nb5 g6 7. Qf3 f5 8.
Qd5 Qe7 9. Nxc7+ Kd8 10. Nxa8 b6 11. d3 Bb7 12. Nxb6 axb6 13. Qf3 Kc8 14.
Be3 e4 15. Qe2 exd3 16. cxd3 Nd4 17. Bxd4 Qxe2+ 18. Kxe2 Bh6 19. Bxh8
{Black resigns}
1-0

[Event "GambitGuide"]
[Site "Internet Chess Club"]
[Date "2014.10.31"]
[Round "1"]
[White "JSBach"]
[Black "pminucci"]
[Result "1-0"]
[ICCResult "Black resigns"]
[WhiteElo "1750"]
[BlackElo "1400"]
[Opening "Vienna: `Frankenstein-Dracula' variation"]
[ECO "C27"]
[NIC "VG.02"]
[Time "19:16:54"]
[TimeControl "120+12"]

1. e4 e5 2. Nc3 Nf6 3. Bc4 Nxe4 4. Qh5 Nd6 5. Bb3 Nc6 6. Nb5 g6 7. Qf3 f5 8.
Qd5 Qe7 9. Nxc7+ Kd8 10. Nxa8 b6 11. d3 Nb4 12. Bg5 Qxg5 13. Qxe5 Nxc2+ 14.
Bxc2 Rg8 15. Qd5 Qe7+ 16. Ne2 Bg7 17. Qxg8+ Ne8 18. Qb3 Bb7 19. Nxb6 Qd6 20.
Nc4 Bd5 21. Nxd6 Nxd6 22. Qxd5 {Black resigns} 1-0

[Event "GambitGuide"]
[Site "Internet Chess Club"]
[Date "2014.10.31"]
[Round "1"]
[White "JSBach"]
[Black "Selfoss"]
[Result "1-0"]
[ICCResult "Black resigns"]
[WhiteElo "1750"]
[BlackElo "1316"]
[Opening "Vienna: `Frankenstein-Dracula' variation"]
[ECO "C27"]
[NIC "VG.02"]
[Time "19:16:45"]
[TimeControl "120+12"]

1. e4 e5 2. Nc3 Nf6 3. Bc4 Nxe4 4. Qh5 Nd6 5. Bb3 Nc6 6. Nb5 g6 7. Qf3 f5 8.
Qd5 Qe7 9. Nxc7+ Kd8 10. Nxa8 b6 11. d3 Bb7 12. Nxb6 axb6 13. Qf3 Kc7 14.
Bd2 Nd4 15. Qg3 f4 16. Qg4 h5 17. Qxg6 N4f5 18. Bb4 Rh6 19. Qg8 Qf6 20.
Bxd6+ Bxd6 21. Rd1 Rg6 22. Qc4+ Kb8 23. Qb5 Rxg2 24. Qxb6 Qh4 25. Bd5 Rxg1+
26. Rxg1 {Black resigns} 1-0